 Dungeon Crawl Stone Soup version 0.30.1-9-gdf580d7c3d (webtiles) character file.

Game seed: 18177773005845225507

21 CaptainMV the Chiller (level 2, 0/20 HPs)
             Began as a Draconian Ice Elementalist on Oct 2, 2023.
             Slain by a kobold
             ... wielding a +0 dagger
              (3 damage)
             ... on level 2 of the Dungeon.
             The game lasted 00:05:16 (784 turns).

CaptainMV the Chiller (Draconian Ice Elementalist)   Turns: 784, Time: 00:05:17

Health: 0/20       AC:  4    Str: 10    XL:     2   Next: 65%
Magic:  0/5        EV: 12    Int: 15    God:
Gold:   40         SH:  0    Dex: 11    Spells: 4/5 levels left

rFire   . . .        b - +0 short sword
rCold   . . .        (no shield)
rNeg    . . .        (body armour unavailable)
rPois   .            (helmet restricted)
rElec   .            (no cloak)
rCorr   .            (no gloves)
SInv    .            (no boots)
Will    .....        (no amulet)
Stlth   ++           (no ring)
HPRegen 0.23/turn    (no ring)
MPRegen 0.09/turn

%: no passive effects
@: no status effects
A: AC +4, unfitting armour, cold-blooded
a: no special abilities


You were on level 2 of the Dungeon.
You visited 1 branch of the dungeon, and saw 2 of its levels.

You collected 40 gold pieces.

Inventory:

Hand Weapons
 b - a +0 short sword (weapon)
Missiles
 d - 9 poisoned darts
 j - a throwing net
Jewellery
 g - a ring of positive energy
Scrolls
 f - 3 scrolls of teleportation {unknown}
Potions
 a - a potion of magic
 c - a potion of heal wounds
 e - a potion of curing {unknown}
 h - a potion of flight {unknown}
 i - a potion of might {unknown}


   Skills:
 + Level 0.2 Fighting
 + Level 1.8 Dodging
 + Level 1.8 Stealth
 + Level 0.1 Unarmed Combat
 + Level 2.4 Spellcasting
 + Level 4.4 Ice Magic


You had 4 spell levels left.
You knew the following spells:

 Your Spells              Type           Power      Damage    Failure   Level
a - Freeze                Ice            60%        1d7       3%          1

Your spell library contained the following spells:

 Spells                   Type           Power      Damage    Failure   Level
 Frozen Ramparts          Ice            30%        1d5       11%         3
 Ozocubu's Armour         Ice            15%        N/A       11%         3
 Kiss of Death            Conj/Necr      4%         2d5       22%         1
 Confusing Touch          Hex            1%         N/A       54%         3
 Summon Ice Beast         Ice/Summ       8%         N/A       65%         4
 Dispel Undead            Necr           1%         3d6       91%         4


Dungeon Overview and Level Annotations

Branches:
Dungeon (2/15)

Altars:

Shops:
D:1 *


Innate Abilities, Weirdness & Mutations

Your plain brown scales are hard. (AC +4)
You cannot fit into any form of body armour.
You are cold-blooded and may be slowed by cold attacks.


Message History

The kobold hits you with a +0 short sword.
The kobold hits you but does no damage. The frilled lizard barely misses you.
Your magical contamination has completely faded away.
You barely miss the kobold. The jackal completely misses you.
The kobold closely misses you. The kobold barely misses you.
The frilled lizard bites you.
You hit the jackal. You tail-slap the jackal.
The jackal is almost dead.
The jackal closely misses you. The frilled lizard misses you.
The kobold barely misses you. x2; The jackal closely misses you.
You closely miss the jackal.
The jackal is almost dead.
The jackal bites you.
The kobold hits you with a +0 short sword.
The kobold misses you. The frilled lizard bites you.
You barely miss the jackal.
Your tail-slap misses the jackal.
The jackal is almost dead.
The jackal barely misses you.
The kobold hits you with a +0 short sword.
* * * LOW HITPOINT WARNING * * *
The kobold hits you but does no damage. The frilled lizard bites you.
* * * LOW HITPOINT WARNING * * *
The frilled lizard barely misses you.
Unknown command.
Casting: Freeze (safe; 3% risk of failure)
Confirm with . or Enter, or press ? or * to list all spells.
Aiming: Freeze (safe; 3% risk of failure)
Press: ? - help, Shift-Dir - straight line, f - kobold
Aim: a kobold, wielding a +0 short sword You freeze the kobold.
The kobold is moderately wounded.
The jackal barely misses you. x2; The kobold barely misses you.
The kobold hits you with a +0 dagger.
* * * LOW HITPOINT WARNING * * *
The frilled lizard bites you but does no damage.
The frilled lizard misses you.
You can't go down here!
The jackal closely misses you. The kobold misses you.
The kobold hits you with a +0 dagger.
You die...

.. ....... ...
....... ..>[
....... ....#
..... #....#
.... .# #
....##..#....
....#.l.l?.....
......K@#
.(....K†h#
......##.#
...... .. .....
##. ..... ..
.... .# .... ..


You could see a jackal, 2 kobolds and 2 frilled lizards.

Vanquished Creatures
  2 endoplasms (D:1)
  6 jackals
  4 kobolds (D:1)
  2 ball pythons (D:1)
  A bat (D:1)
  2 frilled lizards (D:1)
  2 goblins (D:1)
19 creatures vanquished.

Notes
Turn   | Place    | Note
-------+----------+-------------------------------------------
     0 | D:1      | CaptainMV the Draconian Ice Elementalist began the quest
                  | for the Orb.
     0 | D:1      | Reached XP level 1. HP: 14/14 MP: 3/3
   339 | D:1      | Reached XP level 2. HP: 20/20 MP: 5/5
   634 | D:1      | Found Cilu Jyl's Assorted Antiques.
   784 | D:2      | Slain by a kobold

Illustrated notes

Levels and vault maps discovered:
D:1:      spicycebolla_arrival_transporter_tutorial, layout_basic, serial_bayou,
          serial_bayou_pond_a, serial_bayou_shore_b, serial_bayou_lagoon_a,
          serial_bayou_crossing, serial_shops, nicolae_shop_back_alley_shop,
          chequers_garden, nicolae_concentric_dashed_squares_wild,
          minmay_misc_feat_more_columns, corexii_hall_statues_i
D:2:      layout_rooms

Action                     || total
---------------------------++-------
  Melee: Unarmed           ||    21
         Short sword       ||    17
         Tailslap          ||     5
   Cast: Freeze            ||    20
    Use: Scroll            ||     2
   Stab: Sleeping          ||     2
 Armour: Skin              ||    15
  Dodge: Dodged            ||    63
